 Dungeon Crawl Stone Soup version 0.30-a0-743-gbfdf073431 (webtiles) character file.

Game seed: 1181591923095825850

20 Querens the Sneak (level 2, 0/13 HPs)
             Began as a Spriggan Enchanter on Feb 7, 2023.
             Slain by a jackal (3 damage)
             ... on level 1 of the Dungeon.
             The game lasted 00:01:26 (371 turns).

Querens the Sneak (Spriggan Enchanter)               Turns: 371, Time: 00:01:27

Health: 0/13       AC:  2    Str:  4    XL:     2   Next: 58%
Magic:  7/7        EV: 17    Int: 16    God:
Gold:   31         SH:  0    Dex: 15    Spells: 7/7 levels left

rFire   . . .      SeeInvis +    a - +1 dagger
rCold   . . .      Faith    .    (no shield)
rNeg    . . .      Spirit   .    b - +0 robe
rPois   .          Reflect  .    (helmet restricted)
rElec   .          Harm     .    (no cloak)
rCorr   .          Rampage  .    (gloves unavailable)
Will    .....                    (boots unavailable)
Stlth   +++                      (no amulet)
HPRegen 0.22/turn                (no ring)
MPRegen 0.10/turn                (no ring)

@: very quick
A: very small, no large weapons, unfitting armour, see invisible, speed 3
a: no special abilities


You were on level 1 of the Dungeon.
You visited 1 branch of the dungeon, and saw 1 of its levels.

You collected 31 gold pieces.

Inventory:

Hand Weapons
 a - a +1 dagger (weapon)
Armour
 b - a +0 robe (worn)
Potions
 c - 2 potions of invisibility
 d - a potion of might {unknown}


   Skills:
 + Level 1.6 Short Blades
 + Level 3.1 Dodging
 + Level 4.7 Stealth
 + Level 3.0 Spellcasting
 + Level 3.9 Hexes


You had 7 spell levels left.
You didn't know any spells.
Your spell library contained the following spells:

 Spells                   Type           Power      Damage    Failure   Level
 Confusing Touch          Hex            14%        N/A       11%         3
 Tukima's Dance           Hex            14%        N/A       11%         3
 Ensorcelled Hibernation  Hex/Ice        16%        N/A       13%         2
 Sandblast                Erth           4%         2d4       19%         1
 Dazzling Flash           Conj/Hex       16%        N/A       26%         3
 Passwall                 Tmut/Erth      1%         N/A       28%         2
 Stone Arrow              Conj/Erth      4%         3d7       50%         3


Dungeon Overview and Level Annotations

Branches:
Dungeon (1/15)

Altars:


Innate Abilities, Weirdness & Mutations

You are very small and have problems with some larger weapons.
You are too small for most types of armour.
You have supernaturally acute eyesight. (SInv)
You cover ground extremely quickly. (Speed+++)


Message History

You hit the jackal.
You kill the jackal!
The bat hits you.
* * * LOW HITPOINT WARNING * * *
The bat hits you but does no damage.
You see here a jackal corpse.
You hit the bat.
The bat is heavily wounded.
The bat misses you. The bat barely misses you.
You miss the bat.
The bat is heavily wounded.
The bat completely misses you.
You hit the bat.
The bat is severely wounded.
The bat completely misses you.
You barely miss the bat.
The bat is severely wounded.
The bat misses you.
You miss the bat.
The bat is severely wounded.
The bat closely misses you.
You barely miss the bat.
The bat is severely wounded.
The bat closely misses you. The bat misses you.
You hit the bat.
You kill the bat!
You barely miss the jackal. The jackal bites you.
* * * LOW HITPOINT WARNING * * *
The jackal barely misses you.
You hit the jackal.
The jackal is moderately wounded.
The jackal completely misses you.
You completely miss the jackal.
The jackal is moderately wounded.
The jackal bites you.
* * * LOW HITPOINT WARNING * * *
You hit the jackal.
The jackal is severely wounded.
The jackal bites you.
You die...

#.# ########...####.#
#.# ##..).........h..#
#.####...###.#..##.####
#.........###..##b##
######...## ##.#.## #
##.## #..## ## ### #.##
.# #h# .# #@# .# #†#
.## ##########.# ..##
##..........#
...###...#########
.........# ######...#
#####


You could see a jackal.

Vanquished Creatures
  A dart slug (D:1)
  5 bats (D:1)
  An endoplasm (D:1)
  A giant cockroach (D:1)
  2 hobgoblins (D:1)
  2 jackals (D:1)
  A quokka (D:1)
  A ball python (D:1)
  A kobold (D:1)
  A rat (D:1)
16 creatures vanquished.

Notes
Turn   | Place    | Note
-------+----------+-------------------------------------------
     0 | D:1      | Querens the Spriggan Enchanter began the quest for the Orb.
     0 | D:1      | Reached XP level 1. HP: 9/9 MP: 5/5
   152 | D:1      | Found a faded altar of an unknown god.
   183 | D:1      | Reached XP level 2. HP: 5/13 MP: 6/6
   371 | D:1      | Slain by a jackal

Illustrated notes

Levels and vault maps discovered:
D:1:      wander_arrival_fairy_ring, layout_loops_ring,
          chequers_ecumenical_altar_island, st_stairs_14,
          minmay_misc_feat_diagonals

Skill      XL: |  1  2 |
---------------+-------+-----
Dodging        | 3 |  3.1
Spellcasting   | 3 |  3.0
Short Blades   | |  1.6
Stealth        | |  4.7
Hexes          | |  3.9

Action                     || total
---------------------------++-------
  Melee: Dagger            ||    76
   Stab: Sleeping          ||     3
 Armour: Robe              ||    10
  Dodge: Dodged            ||    70

Table legend: (Time is in decaauts)
 A = Elapsed time spent in this place.
 B = Non-inter-level travel time spent in this place.
 C = Inter-level travel time spent in this place.
 D = Time resting spent in this place.
 E = Time spent auto-exploring this place.
 F = Levels seen in this place.
 G = Mean time per level.
                   A        B        C        D        E       F      G
               +--------+--------+--------+--------+--------+-----+--------+
         Total |    253 |    253 |      0 |      0 |      0 |   1 |  253.0 |
       Dungeon |    253 |    253 |      0 |      0 |      0 |   1 |  253.0 |
               +--------+--------+--------+--------+--------+-----+--------+

Top non-repeatable levels by time:
     D:1: 253 daAuts
